 Dungeon Sprint DCSS version 0.31-a0-1-g4198be8af4 (webtiles) character file.

Game seed: 4195230734647826812

13136 rocky1 the Severer (level 12, -1/112 HPs)
             Began as a Hill Orc Fighter on May 2, 2023.
             Was the Champion of Cheibriados.
             Slain by a merfolk impaler
             ... wielding a +8 trident
              (8 damage)
             ... in the Dungeon (Sprint VII: "The Pits").
             The game lasted 00:08:04 (4158 turns).

rocky1 the Severer (Hill Orc Fighter)               Turns: 4158, Time: 00:08:04

Health: -1/112     AC: 18    Str: 40    XL:     12   Next: 2%
Magic:  10/25      EV: 17    Int: 25    God:    Cheibriados [******]
Gold:   9          SH:  8    Dex: 25    Spells: 27/27 levels left

rFire   . . .        s - +1 broad axe (heavy)
rCold   . . .        c - +0 buckler
rNeg    . . .        w - +4 chain mail
rPois   .            (no helmet)
rElec   .            (no cloak)
rCorr   .            u - +0 pair of gloves
SInv    .            (no boots)
Will    .....        (no amulet)
Stlth   +            o - +3 ring of evasion
HPRegen 0.38/turn    p - +3 ring of strength
MPRegen 0.19/turn

%: no teleportation
@: very slow
A: no striking features
a: Renounce Religion, Bend Time, Temporal Distortion, Slouch, Step From Time


You were in the Dungeon.
You worshipped Cheibriados.
Cheibriados was exalted by your worship.
You visited 1 branch You collected 9 gold pieces.

Inventory:

Hand Weapons
 a - a +0 war axe
 b - a +4 scimitar of flaming
 s - a +1 heavy broad axe (weapon)
Missiles
 j - 5 javelins (quivered)
 n - 6 silver javelins
Armour
 c - a +0 buckler (worn)
 t - a +5 ring mail
 u - a +0 pair of gloves (worn)
 w - a +4 chain mail (worn)
Jewellery
 o - a +3 ring of evasion (left hand)
 p - a +3 ring of strength (right hand)
 v - an amulet of faith
 y - a ring of protection from fire
 A - a ring of ice
Wands
 z - a wand of charming (7)
Scrolls
 l - 5 scrolls of amnesia
 m - a scroll of butterflies
 x - 2 scrolls of identify
 B - 2 scrolls of fog
 C - 6 scrolls of enchant weapon
 D - 2 scrolls of fear
 E - 4 scrolls of enchant armour
Potions
 d - 3 potions of might
 e - 9 potions of curing
 f - 8 potions of heal wounds
 g - 3 potions of haste
 h - 4 potions of magic
 i - 4 potions of berserk rage
 k - 2 potions of invisibility
 q - 2 potions of brilliance
 r - 3 potions of resistance


   Skills:
 + Level 11.8 Fighting
 - Level 2.0 Long Blades
 * Level 19.8 Axes
 + Level 12.5 Armour
 + Level 5.6 Dodging
 - Level 4.3 Stealth
 + Level 8.7 Shields
 * Level 8.0 Spellcasting
 * Level 19.2 Invocations


You had 27 spell levels left.
You didn't know any spells.
Your spell library was empty.

Dungeon Overview and Level Annotations

Branches:
Dungeon (1/1)

Altars:
Ashenzari
Cheibriados
Dithmenos
Elyvilon
Fedhas
Gozag
Hepliaklqana
Kikubaaqudgha
Makhleb
Nemelex Xobeh
Okawaru
Qazlal
Ru
Sif Muna
Trog
Uskayaw
Vehumet
Wu Jian
Xom
Yredelemnul
Zin
The Shining One
Beogh
Jiyva
Lugonu


Message History

The merfolk impaler closely misses you.
Found seven items.
You barely miss the fire crab.
The merfolk impaler hits you from afar with a +8 trident!
The fire crab bites you but does no damage.
You block the fire crab's attack. The merfolk impaler misses you.
Unknown command.
Activating: Slouch (0% risk of failure)
Press: ? - help, Dir - look around, f - activate You can feel time thicken for a moment.
The fire crab bites you.
You are engulfed in flames!
The fire crab misses you. The merfolk impaler closely misses you.
You block the merfolk impaler's attack.
Unknown command.
Activating: Slouch (0% risk of failure)
Press: ? - help, Dir - look around, f - activate You can feel time thicken for a moment.
You block the fire crab's attack. The fire crab barely misses you.
The merfolk impaler closely misses you.
Unknown command.
You hit the fire crab but do no damage.
The fire crab is almost dead.
The merfolk impaler hits you from afar with a +8 trident!
The fire crab completely misses you. The fire crab claws you!
You are engulfed in flames!
The merfolk hits you from afar with a +0 glaive!
The merfolk impaler hits you from afar with a +8 trident.
Activating: Slouch (0% risk of failure)
Press: ? - help, Dir - look around, f - activate You can feel time thicken for a moment.
You kill the fire crab!
Cheibriados thoroughly appreciates the change of pace.
You destroy the wandering mushroom!
Cheibriados appreciates the change of pace.
You destroy the wandering mushroom!
Cheibriados appreciates the change of pace.
The merfolk impaler hits you from afar with a +8 trident!
* * * LOW HITPOINT WARNING * * *
The merfolk hits you from afar with a +0 glaive!!
* * * LOW HITPOINT WARNING * * *
The merfolk impaler hits you from afar with a +8 trident!
You die...

#..#....#..#
+..........#
+..........#
#..#....#..#
#..........+
#..........+
###''####''#
###''####''#########
#..@...##...........
#m#'##.##...........
#.#mH .##..#########
# 'm[# ##..# #))'
#..# #++##########
+):#. #..#
........##..# ##+#.
#..# .#......##..#
##..# ........''..#
#..#


You could see a minotaur, a merfolk impaler and 2 merfolk.

Vanquished Creatures
  A deep elf demonologist (D)
  2 minotaurs (D)
  A hydra (D)
  An alligator snapping turtle (D)
  A death yak (D)
  A fire crab (D)
  A sea snake (D)
  A deep troll (D)
  2 phantasmal warriors (D)
  Pikel (D)
  A manticore (D)
  An elephant (D)
  An eye of devastation (D)
  A black mamba (D)
  2 smoke demons (D)
  A molten gargoyle (D)
  2 cane toads (D)
  An efreet (D)
  A freezing wraith (D)
  An unseen horror (D)
  A rime drake (D)
  2 wandering mushrooms (D)
  Grinder (D)
  A hornet (D)
  2 jumping spiders (D)
  A wraith (D)
  A spriggan (D)
  A wyvern (D)
  2 shadows (D)
  Eustachio (D)
  A basilisk (D)
  2 redbacks (D)
  An acid dragon (D)
  A floating eye (D)
  A sky beast (D)
  A swamp drake (D)
  2 black bears (D)
  6 wolves (D)
  3 lemures (D)
  A gnoll sergeant (D)
  5 wights (D)
  5 killer bees (D)
  A quasit (D)
  A hound (D)
  An iron imp (D)
  Terence (D)
  A hell rat (D)
  5 gnolls (D)
  A white imp (D)
  A worm (D)
  2 ball pythons (D)
  An endoplasm (D)
  2 giant cockroaches (D)
  3 hobgoblins (D)
  2 frilled lizards (D)
  A kobold (D)
  A rat (D)
90 creatures vanquished.

Vanquished Creatures (others)
  A rat (D)
1 creature vanquished.

Grand Total: 91 creatures vanquished

Notes
Turn   | Place    | Note
-------+----------+-------------------------------------------
     0 | D        | rocky1 the Hill Orc Fighter began the quest for the Orb.
     0 | D        | Reached XP level 1. HP: 19/19 MP: 1/1
    18 | D        | Found a bloodstained altar of Trog.
    18 | D        | Found a shimmering blue altar of Sif Muna.
    18 | D        | Found a viscous altar of Jiyva.
    18 | D        | Found a hazy altar of Hepliaklqana.
    18 | D        | Found an opulent altar of Gozag.
    19 | D        | Found a glowing golden altar of the Shining One.
    19 | D        | Found a glowing silver altar of Zin.
    19 | D        | Found a basalt altar of Yredelemnul.
    19 | D        | Found a shimmering altar of Xom.
    19 | D        | Found an ornate altar of the Wu Jian Council.
    19 | D        | Found a sacrificial altar of Ru.
    19 | D        | Found a stormy altar of Qazlal.
    19 | D        | Found an iron altar of Okawaru.
    19 | D        | Found a sparkling altar of Nemelex Xobeh.
    19 | D        | Found a burning altar of Makhleb.
    19 | D        | Found a blossoming altar of Fedhas.
    19 | D        | Found a white marble altar of Elyvilon.
    19 | D        | Found a shadowy altar of Dithmenos.
    19 | D        | Found a snail-covered altar of Cheibriados.
    21 | D        | Found a radiant altar of Vehumet.
    21 | D        | Found a corrupted altar of Lugonu.
    21 | D        | Found a roughly hewn altar of Beogh.
    22 | D        | Found a hide-covered altar of Uskayaw.
    22 | D        | Found an ancient bone altar of Kikubaaqudgha.
    22 | D        | Found a broken altar of Ashenzari.
    30 | D        | Became a worshipper of Cheibriados the Contemplative
    74 | D        | Reached * piety under Cheibriados
    80 | D        | Reached XP level 2. HP: 25/28 MP: 2/2
    82 | D        | Reached ** piety under Cheibriados
    83 | D        | Reached skill level 5 in Fighting
   266 | D        | Reached *** piety under Cheibriados
   420 | D        | Noticed Grinder
   420 | D        | Noticed a wolf
   420 | D        | Noticed a sky beast
   431 | D        | Noticed a black bear
   437 | D        | Killed a wolf
   438 | D        | Reached skill level 5 in Axes
   438 | D        | Reached skill level 5 in Armour
   438 | D        | Reached skill level 1 in Dodging
   438 | D        | Reached skill level 1 in Stealth
   438 | D        | Reached skill level 5 in Shields
   438 | D        | Reached XP level 3. HP: 27/37 MP: 2/5
   438 | D        | Reached XP level 4. HP: 32/44 MP: 2/6
   440 | D        | Killed a black bear
   441 | D        | Reached XP level 5. HP: 37/51 MP: 2/8
   446 | D        | Paralysed by Grinder for 2 turns
   448 | D        | Reached **** piety under Cheibriados
   449 | D        | Reached skill level 5 in Invocations
   451 | D        | Paralysed by Grinder for 3 turns
   456 | D        | Paralysed by Grinder for 3 turns
   460 | D        | Killed Grinder
   461 | D        | Reached XP level 6. HP: 49/61 MP: 5/11
   465 | D        | Killed a sky beast
   466 | D        | Reached XP level 7. HP: 48/68 MP: 5/12
   628 | D        | Paralysed by a floating eye for 4 turns
   634 | D        | Reached skill level 1 in Spellcasting
   741 | D        | Noticed a cane toad
   749 | D        | Killed a cane toad
   750 | D        | Reached XP level 8. HP: 67/75 MP: 8/14
   805 | D        | Noticed Terence
   811 | D        | Killed Terence
   825 | D        | Reached ***** piety under Cheibriados
   873 | D        | Noticed a wraith
   876 | D        | Killed a wraith
  1348 | D        | Noticed Pikel
  1350 | D        | Killed Pikel
  1351 | D        | Reached XP level 9. HP: 83/83 MP: 5/17
  1532 | D        | Noticed a sea snake
  1539 | D        | Killed a sea snake
  1540 | D        | Reached skill level 15 in Axes
  1708 | D        | Noticed an elephant
  1717 | D        | Killed an elephant
  1718 | D        | Reached skill level 5 in Spellcasting
  1794 | D        | Noticed a black mamba
  1796 | D        | Killed a black mamba
  1797 | D        | Reached XP level 10. HP: 85/91 MP: 14/20
  1813 | D        | Noticed a smoke demon
  1816 | D        | Killed a smoke demon
  1963 | D        | Noticed a manticore
  1973 | D        | Killed a manticore
  2123 | D        | Noticed a deep troll
  2123 | D        | Noticed a death yak
  2123 | D        | Noticed a smoke demon
  2127 | D        | Killed a deep troll
  2128 | D        | Reached skill level 10 in Armour
  2128 | D        | Reached skill level 15 in Invocations
  2130 | D        | Killed a death yak
  2132 | D        | Killed a smoke demon
  2164 | D        | Noticed a molten gargoyle
  2167 | D        | Killed a molten gargoyle
  2168 | D        | Reached skill level 10 in Fighting
  2170 | D        | HP: 1/93 [freezing wraith (19)]
  2175 | D        | Reached ****** piety under Cheibriados
  2528 | D        | Reached XP level 11. HP: 70/99 MP: 23/23
  2726 | D        | Noticed an eight-headed hydra
  2727 | D        | Noticed a deep elf demonologist
  2729 | D        | Noticed a Brimstone Fiend
  2735 | D        | Killed a six-headed hydra
  2736 | D        | Noticed a Hell Sentinel
  2736 | D        | Killed a deep elf demonologist
  2737 | D        | Reached skill level 5 in Dodging
  2920 | D        | Noticed a minotaur
  2930 | D        | Killed a minotaur
  2931 | D        | Reached skill level 1 in Long Blades
  2939 | D        | Noticed a minotaur
  2952 | D        | Killed a minotaur
  3257 | D        | Noticed a phantasmal warrior
  3264 | D        | Killed a phantasmal warrior
  3590 | D        | Noticed an alligator snapping turtle
  3602 | D        | Killed an alligator snapping turtle
  3853 | D        | Noticed a phantasmal warrior
  3856 | D        | Killed a phantasmal warrior
  3892 | D        | Noticed Eustachio
  3892 | D        | Noticed a spriggan rider
  3898 | D        | Killed Eustachio
  3899 | D        | Reached XP level 12. HP: 72/111 MP: 25/25
  4153 | D        | Noticed a merfolk impaler
  4153 | D        | Noticed a minotaur
  4158 | D        | Slain by a merfolk impaler

Illustrated notes

Levels and vault maps discovered:
D:        pitsprint [storerooms_1, entrance_room_1, metal_vault_5, armoury_2,
          mini_pit_1, grid_room_1, main_hall_1, silver_pit, the_coven_3,
          the_vestibule_1, steel_vault_5, golden_pit, hallway_of_sentries,
          crystal_vault_2, iron_vault_1, final_vault]

Skill      XL: |  1  2  3  4  5  6  7  8  9 10 11 12 |
---------------+-------------------------------------+-----
Fighting       | 4 6 7 8 9 10 11 | 11.8
Axes           | 3 5 6 8 9 11 14 16 17 19 | 19.8
Armour         | 4 5 6 7 8 9 10 12 | 12.5
Shields        | 4 5 6 7 8 |  8.7
Dodging        | 1 2 3 4 5 |  5.6
Stealth        | 1 2 3 4 |  4.3
Invocations    | 3 4 7 9 11 13 16 19 | 19.2
Spellcasting   | 2 4 5 6 7 8 |  8.0
Long Blades    | 2 |  2.0

Action                     |  1- 3 |  4- 6 |  7- 9 | 10-12 || total
---------------------------+-------+-------+-------+-------++-------
  Melee: War axe           |    22 |    16 |    29 |       ||    67
         Broad axe         |       |       |    16 |    86 ||   102
         Scimitar          |       |       |       |     2 ||     2
 Invoke: Slouch            |       |       |     7 |    10 ||    17
    Use: Potion            |     1 |     1 |     1 |     4 ||     7
         Scroll            |       |       |       |     1 ||     1
   Stab: Paralysed         |     3 |     2 |       |       ||     5
         Invisible         |       |     1 |       |       ||     1
         Sleeping          |       |       |     2 |       ||     2
 Armour: Scale mail        |     9 |       |       |       ||     9
         Ring mail         |     1 |     7 |     2 |       ||    10
         Chain mail        |       |       |     5 |    47 ||    52
  Dodge: Dodged            |     8 |     6 |    27 |    84 ||   125
  Block: Buckler           |     6 |     3 |     9 |    39 ||    57

Table legend: (Time is in decaauts)
 A = Elapsed time spent in this place.
 B = Non-inter-level travel time spent in this place.
 C = Inter-level travel time spent in this place.
 D = Time resting spent in this place.
 E = Time spent auto-exploring this place.
 F = Levels seen in this place.
 G = Mean time per level.
                   A        B        C        D        E       F      G
               +--------+--------+--------+--------+--------+-----+--------+
         Total |   4633 |   4532 |    101 |   3269 |      0 |   1 | 4633.0 |
       Dungeon |   4633 |   4532 |    101 |   3269 |      0 |   1 | 4633.0 |
               +--------+--------+--------+--------+--------+-----+--------+

Top non-repeatable levels by time:
       D: 4633 daAuts
